 Dungeon Crawl Stone Soup version 0.31.0-9-g3a7656b989 (webtiles) character file.

Game seed: 5622544765390489536

5 GordonOverkill the Sneak (level 1, -3/19 HPs)
             Began as a Formicid Delver on Jan 25, 2024.
             Killed from afar by an orc wizard (7 damage)
             ... with a magic dart
             ... on level 4 of the Dungeon.
             The game lasted 00:01:43 (344 turns).

GordonOverkill the Sneak (Formicid Delver)           Turns: 344, Time: 00:01:44

Health: -3/19      AC:  3    Str: 16    XL:     1   Next: 88%
Magic:  1/1        EV: 12    Int:  9    God:
Gold:   23         SH:  0    Dex: 15    Spells: 0/0 levels left

rFire   . . .        k - +0 trident
rCold   . . .        (no shield)
rNeg    . . .        b - +0 leather armour
rPois   .            (helmet unavailable)
rElec   .            (no cloak)
rCorr   .            (no gloves)
SInv    +            (no boots)
Will    .....        (no amulet)
Stlth   +            (no ring)
HPRegen 0.23/turn    (no ring)
MPRegen 0.07/turn

%: no passive effects
@: confused
A: permanent stasis, dig shafts and tunnels, antennae 3, four strong arms
a: Dig, Shaft Self


You were on level 4 of the Dungeon.
You visited 1 branch of the dungeon, and saw 4 of its levels.

You collected 23 gold pieces.

Inventory:

Hand Weapons
 k - a +0 trident (weapon)
Missiles
 h - 4 poisoned darts
Armour
 b - a +0 leather armour (worn)
Wands
 f - a wand of digging (3)
 i - a wand of charming (6)
Scrolls
 c - a scroll of fog
 d - a scroll of revelation
 g - a scroll of noise {unknown}
 j - a scroll of silence {unknown}
Potions
 e - a potion of heal wounds {unknown}


   Skills:
 + Level 3.7 Fighting
 - Level 2.0 Polearms
 - Level 1.7 Dodging
 - Level 6.0 Stealth


You couldn't memorise any spells.
You didn't know any spells.
Your spell library was empty.

Dungeon Overview and Level Annotations

Branches:
Dungeon (7/15)
 Temple: D:4-7

Altars:


Innate Abilities, Weirdness & Mutations

You cannot be hasted, slowed, berserked, paralysed or teleported.
You can dig through walls and to a lower floor.
You have a pair of large antennae on your head. (SInv)
Your four strong arms can wield two-handed weapons with a shield.


Message History

You puncture the orc!
You kill the orc!
The orc throws a boomerang.
The boomerang closely misses you.
The orc throws a boomerang.
The boomerang barely misses you.
The orc throws a boomerang.
The boomerang completely misses you.
There is an open door here.
The orc wizard gestures at you while chanting.
You are confused.
You are too confused!
Unknown command.
Unknown command.
The orc wizard gestures at you while chanting.
You are more confused.
You're too confused to move!
The orc wizard points at you and mumbles some strange words.
You are more confused.
You're too confused to aim your attacks!
Unknown command.
You bump into the rock wall.
The orc throws a boomerang.
The boomerang hits you.
You miss the orc wizard. The orc wizard misses you.
The orc wizard closely misses you.
You bump into the rock wall.
The orc hits you with a +0 club.
* * * LOW HITPOINT WARNING * * *
The orc wizard mumbles some strange words.
The orc wizard flickers and vanishes for a moment.
You closely miss the orc wizard. The orc hits you but does no damage.
The orc wizard points at you and mumbles some strange words.
The puff of flame misses you.
You bump into the rock wall.
The orc closely misses you.
The orc wizard hits you with a +0 dagger.
* * * LOW HITPOINT WARNING * * *
You bump into the rock wall.
The orc hits you but does no damage.
The orc wizard hits you with a +0 dagger.
* * * LOW HITPOINT WARNING * * *
You barely miss the orc wizard. The orc hits you with a +0 club.
* * * LOW HITPOINT WARNING * * *
The orc wizard casts a spell at you. The magic dart hits you!
You die...

#...####+##
#...##....##
#...+....o@#
{
#...#....o.#
#...##....##
{
#...##....##
#..........#
#..>.......#
#...#####'##
#...#).....#
#...+...)..#


You could see an orc wizard (invisible) and an orc.

Vanquished Creatures
  2 orcs (D:4)
  A giant cockroach (D:4)
3 creatures vanquished.

Notes
Turn   | Place    | Note
-------+----------+-------------------------------------------
     0 | D:5      | GordonOverkill the Formicid Delver began the quest for the
                  | Orb.
     0 | D:5      | Reached XP level 1. HP: 18/18 MP: 1/1
    78 | D:7      | Noticed an orc wizard
    78 | D:7      | Noticed an orc wizard
   100 | D:6      | Noticed a bullfrog
   127 | D:6      | Noticed an orc warrior
   167 | D:5      | Noticed a jelly
   174 | D:5      | Noticed a hound
   186 | D:5      | Noticed a wight
   186 | D:5      | Noticed a wight
   188 | D:5      | Noticed an iguana
   190 | D:5      | Noticed an iguana
   320 | D:4      | Noticed an orc wizard
   344 | D:4      | Killed from afar by an orc wizard

Illustrated notes

Levels and vault maps discovered:
D:4:      layout_gridville, mainiacjoe_overflow_tiny_flanked,
          mainiacjoe_overflow_brackets
D:5:      layout_rooms, nicolae_qazlal_eye_of_the_storm
D:6:      layout_basic, mainiacjoe_overflow_surrounded_room,
          minmay_temple_entry_statues_fountains, minivault_5, minivault_25
D:7:      layout_cave_pods, mainiacjoe_overflow_boulevard, elyvilon_altar_5,
          serial_gnoll_camp, gnoll_camp_mini_hut, gnoll_camp_mini_basic,
          gnoll_camp_mini_house, gnoll_camp_mini_loothouse

Action                     || total
---------------------------++-------
  Melee: Spear             ||     8
         Trident           ||     6
Ability: Dig               ||     1
    Use: Scroll            ||     1
 Armour: Leather armour    ||    13
  Dodge: Dodged            ||    11
